AoeStats
← DaTuRa

Arena

509701775Analyzed
4v4 RM · 6d ago on Sep 27, 2026· 38m 31s· 8 players
Game mode
Random Map
Map size
Large (8 player)
Population
200
Speed
Normal
Resources
Standard
Victory
Conquest
Starting age
Dark Age
Ending age
Imperial Age
RankedLock teamsTeams togetherTeam positionsShared explorationLock speedFull tech treeHidden civsTurbo modeCheats
Victory
Defeat
🇹🇷 Huns · Türkiye
1490
+10
🇹🇷 Bulgarians · Türkiye
1454
+12
🇹🇷 Khmer · Türkiye
1370
+15
🇹🇷 Persians · Türkiye
1321
+17
🇺🇸 Hindustanis · United States
1364
-14
🇵🇪 Turks · Peru
1364
-14
🇨🇦 Romans · Canada
1363
-14
🇹🇷 Bengalis · Türkiye
1328
-12
Theodore
10:56 Feudal Age
11:49 Double-Bit Axe
11:57 Horse Collar
17:57 Castle Age
17:09 Stone Mining
17:12 Gold Mining
18:54 Bow Saw
19:38 Wheelbarrow
23:26 Fervor
25:08 Hand Cart
26:11 Town Watch
26:13 Loom
30:27 Imperial Age
28:23 Ballistics
27:49 Man-at-Arms
28:31 Scale Mail Armor
29:46 Ballistas
32:06 Heavy Plow
32:16 Pikeman
32:57 Squires
33:13 Chain Mail Armor
33:09 Forging
33:03 Halberdier
33:28 Capped Ram
34:31 Heavy Scorpion
36:18 Chemistry
38:24 Siege Engineers
Spider2YBanana
11:02 Feudal Age
15:53 Castle Age
13:50 Double-Bit Axe
14:06 Horse Collar
16:58 Bow Saw
16:22 Light Cavalry
24:09 Gold Mining
24:10 Stone Mining
25:29 Wheelbarrow
28:52 Imperial Age
27:01 Stone Shaft Mining
27:03 Gold Shaft Mining
27:36 Hand Cart
27:07 Loom
28:34 Bloodlines
29:21 Husbandry
28:55 Heavy Camel Rider
29:42 Scale Barding Armor
29:48 Forging
30:48 Grand Trunk Road
31:11 Conscription
32:03 Heavy Plow
32:47 Chain Barding Armor
32:51 Imperial Camel Rider
34:17 Plate Barding Armor
36:30 Iron Casting
39:15 Chemistry
40:04 Blast Furnace
Comend x comend
12:17 Feudal Age
16:21 Castle Age
21:04 Imperial Age
19:50 Horse Collar
19:58 Double-Bit Axe
20:05 Gold Mining
32:14 Theocracy
34:08 Gold Shaft Mining
BlackStone
11:10 Feudal Age
15:23 Castle Age
14:16 Double-Bit Axe
14:17 Horse Collar
16:51 Bow Saw
17:20 Wheelbarrow
17:37 Horse Collar
20:53 Hand Cart
24:29 Loom
24:56 Heavy Plow
25:22 Gold Mining
25:31 Stone Mining
26:02 Forging
30:22 Imperial Age
28:17 Scale Barding Armor
28:49 Iron Casting
29:22 Bloodlines
29:12 Husbandry
29:54 Scale Mail Armor
30:18 Chain Barding Armor
30:11 Paiks
30:45 Elite Battle Elephant
32:33 Plate Barding Armor
33:05 Blast Furnace
31:30 Light Cavalry
33:41 Crop Rotation
37:44 Onager
livulove
10:02 Feudal Age
13:38 Castle Age
12:25 Double-Bit Axe
12:30 Horse Collar
14:51 Bow Saw
18:35 Fletching
19:45 Padded Archer Armor
21:09 Gold Mining
21:27 Loom
21:38 Bodkin Arrow
22:53 Bloodlines
23:06 Husbandry
23:39 Ballistics
24:26 Leather Archer Armor
25:38 Thumb Ring
27:12 Wheelbarrow
30:49 Imperial Age
29:05 Gold Shaft Mining
28:23 Stone Mining
28:39 Town Watch
30:30 Hand Cart
31:34 Bracer
32:41 Chemistry
32:44 Parthian Tactics
33:19 Town Patrol
33:58 Heavy Cavalry Archer
36:04 Scale Barding Armor
36:10 Forging
37:19 Two-Man Saw
36:20 Heavy Plow
38:14 Masonry
37:55 Sappers
38:46 Conscription
Ramci
10:25 Feudal Age
14:16 Castle Age
12:40 Double-Bit Axe
12:41 Horse Collar
15:48 Bow Saw
20:02 Loom
23:17 Wheelbarrow
25:38 Hand Cart
27:08 Heavy Plow
27:44 Gold Mining
27:44 Stone Mining
30:26 Imperial Age
27:49 Town Watch
28:39 Town Patrol
28:51 Forging
30:17 Iron Casting
29:47 Scale Barding Armor
31:46 Chemistry
31:48 Two-Man Saw
31:19 Crop Rotation
31:01 Kamandaran
31:22 Conscription
31:15 Husbandry
31:25 Bloodlines
30:36 Light Cavalry
30:57 Cavalier
32:39 Blast Furnace
32:00 Chain Barding Armor
32:03 Ballistics
32:38 Fletching
32:50 Padded Archer Armor
33:03 Caravan
32:40 Hussar
34:41 Citadels
34:28 Bodkin Arrow
34:49 Leather Archer Armor
34:31 Murder Holes
34:38 Crossbowman
35:24 Thumb Ring
36:23 Gold Shaft Mining
36:23 Stone Shaft Mining
37:32 Pikeman
38:13 Squires
38:44 Ring Archer Armor
38:15 Scale Mail Armor
DaTuRa
9:19 Feudal Age
13:42 Castle Age
13:07 Double-Bit Axe
13:13 Stone Mining
15:39 Loom
19:56 Horse Collar
22:55 Bow Saw
25:22 Heavy Plow
25:12 Gold Mining
30:21 Imperial Age
28:38 Wheelbarrow
28:47 Gold Shaft Mining
29:02 Fletching
29:15 Scale Mail Armor
29:25 Forging
29:02 Pikeman
29:42 Squires
29:28 Gambesons
30:46 Stone Shaft Mining
30:28 Chain Mail Armor
31:21 Ballistics
33:04 Chemistry
33:24 Halberdier
34:35 Plate Mail Armor
34:41 Iron Casting
36:29 Blast Furnace
34:59 Onager
37:38 Conscription
38:02 Bagains
BLACK EAGLE
10:39 Feudal Age
13:38 Castle Age
11:56 Double-Bit Axe
11:53 Horse Collar
15:21 Bow Saw
16:35 Wheelbarrow
16:26 Heavy Plow
23:32 Gold Mining
24:45 Hand Cart
24:16 Loom
24:17 Town Watch
25:22 Gold Shaft Mining
25:30 Tusk Swords
26:16 Scale Barding Armor
26:22 Forging
26:44 Bloodlines
26:34 Husbandry
27:14 Chain Barding Armor
28:14 Iron Casting
27:43 Caravan
31:06 Imperial Age
31:28 Elite Battle Elephant
32:55 Plate Barding Armor
33:27 Blast Furnace
Connection lost

Rejoining the realm…

Still unreachable

The connection could not be restored.

Session expired

The server has moved on; the page needs a fresh start.